 Dungeon Crawl Stone Soup version 0.29-a0-1043-g569b05d6ff (webtiles) character file.

Game seed: 5646356901967641021

36034 jlumianski the Cleaver (level 13, -20/99 HPs)
             Began as a Demonspawn Gladiator on Aug 16, 2022.
             Was a High Priest of Okawaru.
             Demolished by an orc knight
             ... wielding a +0 great mace
              (24 damage)
             ... on level 2 of the Orcish Mines.
             The game lasted 01:21:41 (13023 turns).

jlumianski the Cleaver (Demonspawn Gladiator)      Turns: 13023, Time: 01:21:41

Health: -20/99     AC: 16    Str: 19    XL:     13   Next: 50%
Magic:  19/21      EV: 17    Int: 12    God:    Okawaru [*****.]
Gold:   1328       SH:  0    Dex: 15    Spells: 12/12 levels left

rFire   . . .      SeeInvis +   a - +2 war axe (vorpal)
rCold   + . .      Faith    .   (no shield)
rNeg    . . .      Spirit   .   q - +5 ring mail "Suad Ebb" {rC+ rCorr}
rPois   +          Reflect  .   L - +0 helmet of Ignis's Displeasure {rPois Stlth+}
rElec   .          Harm     .   v - scarf {repulsion}
rCorr   +          Rampage  .   (gloves unavailable)
Will    +....                   y - +1 pair of boots
Stlth   ++++++....              A - amulet of regeneration
HPRegen 1.06/turn               i - ring of willpower
MPRegen 0.17/turn               c - ring of see invisible

@: heroic, repel missiles
A: ignite blood 2, powered by death 2, big brain 1, demonic touch 3
a: Renounce Religion, Heroism, Finesse, Duel


You were on level 2 of the Orcish Mines.
You worshipped Okawaru.
Okawaru was extremely pleased with you.
You visited 4 branches of the dungeon, and saw 17 of its levels.
You also visited: Bailey and Volcano.

You collected 1655 gold pieces.
You spent 327 gold pieces at shops.

Inventory:

Hand Weapons
 a - a +2 vorpal war axe (weapon)
 f - a +2 trident of flaming
 g - a +0 halberd of venom
 o - a +1 vampiric whip
 z - a +1 antimagic lajatang
Missiles
 d - 8 throwing nets
 e - 4 javelins
 x - 4 datura-tipped darts
 D - 18 poisoned darts (quivered)
 E - 28 boomerangs
 U - a curare-tipped dart
 X - 3 silver boomerangs
Armour
 b - a +1 ring mail of willpower
 k - a +2 cloak of fire resistance
 q - the +5 ring mail "Suad Ebb" (worn) {rC+ rCorr}
   (You found it on level 3 of the Dungeon)

   rC:        It protects you from cold.
   rCorr:     It protects you from acid and corrosion.
 v - a scarf of repulsion (worn)
 y - a +1 pair of boots (worn)
 B - a +3 plate armour
 C - a +1 hat of stealth
 F - a +3 chain mail of fire resistance
 G - the +1 scale mail of Awneneyco {-Tele rF+ rCorr MP+9}
   (Okawaru gifted it to you on level 2 of the Orcish Mines)

   rF:        It protects you from fire.
   MP:        It affects your magic capacity (+9).
   -Tele:     It prevents most forms of teleportation.
   rCorr:     It protects you from acid and corrosion.
 L - the +0 helmet of Ignis's Displeasure (worn) {rPois Stlth+}
   (You found it on level 6 of the Dungeon)

   rPois:     It protects you from poison.
   Stlth:     It makes you more stealthy.
Jewellery
 c - a ring of see invisible (right hand)
 i - a ring of willpower (left hand)
 l - a ring of poison resistance
 A - an amulet of regeneration (around neck)
 O - a ring of magical power
Wands
 h - a wand of quicksilver (3)
 p - a wand of roots (4)
 T - a wand of paralysis (8)
Scrolls
 u - 5 scrolls of enchant weapon
 Q - 2 scrolls of immolation
Potions
 j - a potion of curing
 m - a potion of ambrosia
 n - 3 potions of cancellation
 r - 2 potions of might
 s - 3 potions of haste
 t - 3 potions of flight
 w - 2 potions of invisibility {unknown}


   Skills:
 + Level 8.4(13.4) Fighting
 + Level 11.9(16.9) Axes
 - Level 2.6(7.6) Throwing
 + Level 7.3(12.3) Armour
 + Level 6.8(11.8) Dodging
 * Level 8.3(13.3) Stealth
 * Level 10.9 Invocations
 * Level 8.4 Evocations


You had 12 spell levels left.
You didn't know any spells.
Your spell library contained the following spells:

 Spells                   Type           Power      Damage    Failure   Level
 Beastly Appendage        Tmut           0%         N/A       45%         1
 Sting                    Tmut/Pois      0%         1d3       45%         1
 Blink                    Tloc           0%         N/A       58%         2
 Poisonous Vapours        Pois/Air       0%         N/A       58%         2
 Wereblood                Tmut           0%         N/A       58%         2
 Spider Form              Tmut/Pois      0%         N/A       83%         3
 Corpse Rot               Necr/Pois/Air  0%         N/A       99%         4
 Olgreb's Toxic Radiance  Pois           0%         N/A       99%         4
 Manifold Assault         Tloc           0%         N/A       100%        5
 Storm Form               Tmut/Air       0%         N/A       100%        7
 Fire Storm               Conj/Fire      0%         5d1       100%        9


Dungeon Overview and Level Annotations

Branches:
Dungeon (13/15)            Temple (1/1) D:5            Lair (1/5) D:10
    Orc (2/2) D:11            Elf (0/3) Orc:2        Bailey (visited)
Volcano (visited)
 Vaults: D:13-14

Altars:
Ashenzari
Cheibriados
Dithmenos
Fedhas
Gozag
Hepliaklqana
Kikubaaqudgha
Makhleb
Nemelex Xobeh
Okawaru
Qazlal
Ru
Sif Muna
Trog
Uskayaw
Vehumet
Wu Jian
Xom
Yredelemnul
Lugonu

Shops:
D:2 *   D:4 =   D:12 ?   Orc:2 ((

Annotations:
D:2 1 runed translucent door, Crazy Yiuf
D:9 3 runed translucent doors, BleedingAnus's ghost, novice HOMo
D:11 1 runed translucent door, nickcage's ghost, journeyman HuWn


Innate Abilities, Weirdness & Mutations

Your demonic aura often causes spilled blood to erupt in flames.
You regenerate health from kills.
You have an unusually large brain. (Int +2)
Your touch may irresistibly damage your foes and sap their willpower.


Message History

You kill the centaur!
Okawaru accepts your kill.
The orc warrior hits you from afar with a +0 halberd.
* * * LOW HITPOINT WARNING * * *
You slice the orc knight!! Your touch misses the orc knight.
The orc knight is moderately wounded.
You miss the orc knight.
The orc knight is moderately wounded.
The orc warrior misses you.
The orc knight is engulfed in blazing flames.
The orc knight unwields a +0 arbalest.
The orc knight wields a +0 great mace.
The orc knight closely misses you.
You hit the orc knight.
The orc knight is heavily wounded.
You hit the orc warrior. The orc warrior barely misses you. x2
The orc knight is engulfed in blazing flames.
The orc knight hits you but does no damage.
You slash the orc knight!
The orc knight is almost dead.
You barely miss the orc warrior. x2; The orc warrior barely misses you.
The orc warrior closely misses you.
The orc knight is engulfed in blazing flames.
The orc knight closely misses you.
Unknown command.
You gain the combat prowess of a mighty hero.
The orc warrior hits you with a +0 battleaxe.
* * * LOW HITPOINT WARNING * * *
The orc warrior unwields a +0 arbalest.
The orc warrior wields a +0 battleaxe.
The orc warrior closely misses you.
The orc warrior hits you from afar with a +0 halberd!
* * * LOW HITPOINT WARNING * * *
The orc warrior completely misses you.
The orc knight roars a battlecry!
The orc warriors go into a battle-frenzy!
You feel better. The orc warrior misses you. x2
The orc warrior hits you from afar with a +0 halberd!
* * * LOW HITPOINT WARNING * * *
The orc warrior closely misses you.
The orc knight hits you with a +0 great mace!!
You die...

###....................#....O.≈≈
##...............................
#.......#..#............#.....O..
................#.......##.......
.........................##..##..
)..............$..))...........
...................)...........
.)............°○ooo..........#.
...............o@o.#####......
................°..#### ......
)..................##.##.....
..................##...# ...
..................###.## .
...................###.##
.............#......###.#
...................#.##.##
....................##≈≈.##


You could see an orc knight and 4 orc warriors.

Vanquished Creatures
  Gastronok (D:11)
  An orc warlord (Bailey)
  Nessos (Orc:2)
  A dancing weapon (Volcano)
  3 two-headed ogres
  5 wizards (Volcano)
  5 orc knights
  An orc sorcerer (Orc:1)
  3 ugly things
  5 toenail golems (Volcano)
  A gargoyle (D:11)
  An unseen horror (D:10)
  A komodo dragon (D:11)
  10 trolls
  A hornet (D:10)
  Sigmund (D:2)
  A vampire (D:10)
  2 wyverns
  4 wraiths
  2 shadows
  13 yaks
  2 steam dragons
  4 vampire mosquitoes (D:13)
  4 wargs
  An acid dragon (D:11)
  5 water moccasins
  Duvessa (D:4)
  2 black bears
  An ice beast (D:6)
  29 orc warriors
  A sky beast (D:7)
  10 centaurs
  7 ogres
  A kobold brigand (D:8)
  3 bullfrogs
  2 gnoll sergeants
  2 scorpions
  2 necrophages
  8 wights
  Dowan (D:5)
  11 killer bees
  A howler monkey (D:12)
  4 hounds (D:5)
  A jelly (D:4)
  13 orc priests
  3 gnoll boudas
  20 orc wizards
  Natasha (D:2)
  6 iguanas
  7 adders
  19 gnolls
  A river rat (D:3)
  A white imp (D:6)
  An ufetubus (D:5)
  A worm (D:4)
  4 dart slugs
  84 orcs
  4 endoplasms
  3 giant cockroaches
  6 hobgoblins
  9 jackals
  22 kobolds
  3 quokkas
  3 training dummies (Orc:2)
  5 ball pythons
  6 bats
  3 frilled lizards
  11 goblins
  5 rats
407 creatures vanquished.

Vanquished Creatures (others)
  A spriggan (D:13)
  An orc warrior (Orc:2)
  2 orc wizards
  An orc (Orc:2)
  A fungus (D:2)
6 creatures vanquished.

Grand Total: 413 creatures vanquished

Notes
Turn   | Place    | Note
-------+----------+-------------------------------------------
     0 | D:1      | jlumianski the Demonspawn Gladiator began the quest for the
                  | Orb.
     0 | D:1      | Reached XP level 1. HP: 16/16 MP: 1/1
   200 | D:1      | Gained mutation: You regenerate a little health from kills.
                  | [demonic ancestry]
   200 | D:1      | Reached XP level 2. HP: 18/22 MP: 2/2
   489 | D:1      | Reached skill level 3 in Axes
   660 | D:1      | Gained mutation: Your touch may inflict minor irresistible
                  | damage on your foes. [demonic ancestry]
   660 | D:1      | Reached XP level 3. HP: 26/27 MP: 3/3
   706 | D:1      | Found a faded altar of an unknown god.
  1619 | D:3      | Identified the +5 ring mail "Suad Ebb" {rC+ rCorr}
  1651 | D:3      | Gained mutation: Your demonic aura sometimes causes spilled
                  | blood to erupt in flames. [demonic ancestry]
  1651 | D:3      | Reached XP level 4. HP: 32/33 MP: 4/4
  1739 | D:2      | Reached skill level 1 in Armour
  1944 | D:2      | Found a runed translucent door.
  1945 | D:2      | Noticed Crazy Yiuf
  2097 | D:2      | Found Qaebob's General Store.
  2097 | D:2      | Noticed Sigmund
  2097 | D:2      | Noticed Natasha
  2101 | D:2      | Killed Natasha
  2102 | D:2      | Gained mutation: Your demonic aura often causes spilled
                  | blood to erupt in flames. [demonic ancestry]
  2102 | D:2      | Reached XP level 5. HP: 38/38 MP: 5/5
  2164 | D:2      | Killed Sigmund
  2165 | D:2      | Reached skill level 4 in Axes
  2165 | D:2      | Gained mutation: Your touch may inflict irresistible damage
                  | on your foes. [demonic ancestry]
  2165 | D:2      | Reached XP level 6. HP: 20/46 MP: 6/6
  2983 | D:4      | Found Notwelim's Jewellery Shoppe.
  3290 | D:4      | Found a bloodstained altar of Trog.
  3730 | D:5      | Entered Level 5 of the Dungeon
  3737 | D:5      | Noticed Dowan
  3744 | D:5      | Noticed Duvessa
  3749 | D:5      | Killed Dowan
  3750 | D:5      | Reached skill level 5 in Axes
  3750 | D:5      | Gained mutation: You regenerate health from kills. [demonic
                  | ancestry]
  3750 | D:5      | Reached XP level 7. HP: 44/52 MP: 7/7
  3769 | D:4      | Killed Duvessa
  4037 | D:5      | Noticed a steam dragon
  4045 | D:5      | Killed a steam dragon
  4046 | D:5      | Reached skill level 6 in Axes
  4060 | D:5      | Found a staircase to the Ecumenical Temple.
  4066 | D:5      | Gained mutation: You have an unusually large brain. (Int
                  | +2) [demonic ancestry]
  4066 | D:5      | Reached XP level 8. HP: 45/60 MP: 8/8
  4133 | Temple   | Entered the Ecumenical Temple
  4355 | Temple   | Became a worshipper of Warmaster Okawaru
  4533 | D:4      | Reached skill level 1 in Invocations
  4857 | D:6      | Reached skill level 1 in Evocations
  5223 | D:6      | Reached * piety under Okawaru
  5380 | D:6      | Identified the +0 helmet of Ignis's Displeasure {rPois
                  | Stlth+}
  5433 | D:6      | Reached skill level 1 in Stealth
  5575 | D:6      | Reached skill level 7 in Axes
  5728 | D:7      | Reached XP level 9. HP: 62/66 MP: 11/11
  5753 | D:7      | Reached skill level 5 in Armour
  5789 | D:7      | Reached ** piety under Okawaru
  6027 | D:7      | Reached skill level 8 in Axes
  6067 | D:7      | Noticed a troll
  6077 | D:7      | Killed a troll
  6077 | D:7      | Reached *** piety under Okawaru
  6359 | D:8      | Reached skill level 5 in Fighting
  6600 | D:8      | Got the Quarto of Cankerous Fire
  6611 | D:8      | Found a sacrificial altar of Ru.
  6611 | D:8      | Found a shimmering altar of Xom.
  6611 | D:8      | Found a stormy altar of Qazlal.
  6617 | D:8      | Found a sparkling altar of Nemelex Xobeh.
  6617 | D:8      | Found an opulent altar of Gozag.
  6626 | D:8      | Reached skill level 5 in Invocations
  6628 | D:8      | Found a burning altar of Makhleb.
  6628 | D:8      | Found a shadowy altar of Dithmenos.
  6629 | D:8      | Found a broken altar of Ashenzari.
  6640 | D:8      | Reached XP level 10. HP: 74/74 MP: 13/13
  7214 | D:8      | Reached skill level 5 in Dodging
  7223 | D:8      | Reached **** piety under Okawaru
  7274 | D:9      | Found a runed translucent gate.
  7275 | D:9      | Found a runed translucent gate.
  7288 | D:9      | Found a runed translucent gate.
  7294 | D:9      | Noticed BleedingAnus's ghost (novice HOMo)
  7590 | D:10     | Entered Level 10 of the Dungeon
  7601 | D:10     | Received a gift from Okawaru
  7602 | D:10     | Reached skill level 9 in Axes
  7619 | D:10     | Found a flagged portal.
  7645 | Bailey   | Entered a bailey
  7686 | Bailey   | Noticed an orc warlord
  7743 | Bailey   | Noticed an orc knight
  7766 | Bailey   | Killed an orc knight
  7811 | Bailey   | Found a runed translucent gate.
  7812 | Bailey   | Found a runed translucent gate.
  7848 | Bailey   | Found a runed translucent gate.
  7950 | Bailey   | Killed an orc warlord
  7950 | Bailey   | Reached ***** piety under Okawaru
  7951 | Bailey   | Reached skill level 5 in Evocations
  7998 | Bailey   | Reached XP level 11. HP: 83/83 MP: 15/17
  8281 | D:10     | Reached skill level 10 in Axes
  8426 | D:10     | Gained mutation: Your touch may irresistibly damage your
                  | foes and sap their willpower. [demonic ancestry]
  8426 | D:10     | Reached XP level 12. HP: 89/89 MP: 18/18
  8648 | D:10     | Noticed an angel
  8662 | D:10     | Found a staircase to the Lair.
  8985 | Lair:1   | Entered Level 1 of the Lair of Beasts
  8985 | Lair:1   | Noticed a six-headed hydra
  9170 | D:11     | Found a staircase to the Orcish Mines.
  9358 | D:11     | Found a runed translucent door.
  9358 | D:11     | Noticed nickcage's ghost (journeyman HuWn)
  9480 | D:11     | Received a gift from Okawaru
 10006 | D:12     | Found Roent's Magic Scroll Emporium.
 10017 | D:12     | Bought a scroll of enchant weapon for 105 gold pieces
 10017 | D:12     | Bought a scroll of enchant weapon for 105 gold pieces
 10031 | D:12     | Noticed a two-headed ogre
 10041 | D:12     | Killed a two-headed ogre
 10107 | D:12     | Found a corrupted altar of Lugonu.
 10191 | D:12     | Noticed a two-headed ogre
 10211 | D:12     | Killed a two-headed ogre
 10448 | D:13     | Noticed a centaur warrior
 10452 | D:13     | Noticed a five-headed hydra
 10592 | Orc:1    | Entered Level 1 of the Orcish Mines
 10596 | Orc:1    | Noticed Gastronok
 10684 | D:11     | Received a gift from Okawaru
 10820 | D:11     | HP: 4/91 [orc knight/+1 great sword (21)]
 10951 | D:11     | Killed Gastronok
 10952 | D:11     | Reached skill level 11 in Axes
 10952 | D:11     | Reached skill level 10 in Invocations
 11348 | Orc:2    | Entered Level 2 of the Orcish Mines
 11375 | Orc:2    | Found Suczil's Antique Weapon Shop.
 11456 | Orc:2    | Noticed a two-headed ogre
 11516 | Orc:1    | Killed a two-headed ogre
 11517 | Orc:1    | Reached XP level 13. HP: 43/98 MP: 20/20
 11584 | Orc:1    | Paralysed by an orc sorcerer for 4 turns
 11591 | Orc:1    | Received a gift from Okawaru
 11653 | Orc:2    | Noticed Nessos
 11835 | Orc:2    | Killed Nessos
 11903 | Orc:2    | Found a dark tunnel.
 11909 | Volcano  | Entered a volcano
 12445 | Orc:2    | Found Bixkushu's Firing Range.
 12472 | Orc:2    | Bought a throwing net for 39 gold pieces
 12472 | Orc:2    | Bought 2 throwing nets for 78 gold pieces
 12557 | Orc:2    | Found a staircase to the Elven Halls.
 12608 | Orc:2    | Identified the +1 scale mail of Awneneyco {-Tele rF+ rCorr
                  | MP+9} (Okawaru gifted it to you on level 2 of the Orcish
                  | Mines)
 12608 | Orc:2    | Received a gift from Okawaru
 13023 | Orc:2    | HP: 4/99 [orc warrior/+0 halberd (11)]
 13023 | Orc:2    | Demolished by an orc knight

Illustrated notes

Levels and vault maps discovered:
D:1:      scummos_arrival_simple_fountains, layout_loops_ring,
          ebering_ecumenical_altar_webs, hangedman_abyss_or_decor_stabs
D:2:      layout_loops_corners, serial_shops, shop, uniq_sigmund,
          uniq_crazy_yiuf_cottage, uniq_natasha
D:3:      layout_basic, portal_sewer_entry_e, minmay_unequal
D:4:      layout_cave_pools, mainiacjoe_overflow_alcove_1, serial_shops, shop,
          hangedman_glass_teeth, kennysheep_cross_bottleneck
D:5:      layout_rooms, minmay_temple_entry_stoned_glass, uniq_duvessa
D:6:      layout_loops_ring
D:7:      layout_cave_pools, minmay_circle_x
D:8:      layout_basic, grunt_temple_overflow_open
D:9:      layout_rooms, gammafunk_ghost_spectres
D:10:     layout_irregular_city, zin_angel, lair_entry_dummy, enter_bailey_2,
          dreamdust_princess_corridor
D:11:     layout_roguey, hiddenorc1_lemuel, gammafunk_ghost_grave
D:12:     layout_cave_pools, serial_shops, nicolae_shop_hallway_plus,
          tgw_lugonu_bribe
D:13:     dreamdust_experimentation, layout_gridville, makhleb_altar_promises_db
Temple:   hc_temple_tempest_star
Lair:1:   layout_misc_corridors, nicolae_lair_lindhole, lemuel_fruit_fields
Orc:1:    layout_caves, uniq_gastronok
Orc:2:    st_orc_rangers, layout_caves, enter_volcano_4, serial_shops,
          nicolae_shop_advertising_works [nicolae_subvault_shop_adworks],
          nicolae_shop_firing_range, uniq_nessos

Skill      XL: |  1  2  3  4  5  6  7  8  9 10 11 12 13 |
---------------+----------------------------------------+-----
Dodging        | 3 4 5 6 |  6.8
Axes           | 3 4 5 6 7 8 9 10 11 | 11.9
Armour         | 1 2 4 5 6 7 |  7.3
Fighting       | 3 4 5 6 7 8 |  8.4
Throwing       | 2 |  2.6
Invocations    | 2 5 8 10 | 10.9
Evocations     | 2 3 6 8 |  8.4
Stealth        | 1 3 6 7 8 |  8.3

Action                   |  1- 3 |  4- 6 |  7- 9 | 10-12 | 13-15 || total
-------------------------+-------+-------+-------+-------+-------++-------
Melee: War axe           |    99 |   103 |   213 |   491 |   164 ||  1070
       Touch             |     4 |    13 |    42 |    79 |    34 ||   172
       Punch             |       |     1 |     2 |     3 |     3 ||     9
Throw: Stone             |       |     1 |       |       |       ||     1
       Javelin           |       |     1 |       |       |       ||     1
       Dart              |       |       |    13 |     5 |       ||    18
       Boomerang         |       |       |       |     5 |       ||     5
Invok: Heroism           |       |       |     2 |     6 |     3 ||    11
       Finesse           |       |       |       |     1 |     1 ||     2
Evoke: Wand              |       |       |       |     2 |       ||     2
  Use: Scroll            |     6 |     4 |     8 |    13 |     1 ||    32
       Potion            |       |     1 |     5 |     6 |     7 ||    19
 Stab: Sleeping          |     1 |       |     2 |    11 |     2 ||    16
Armor: Leather armour    |    35 |       |       |       |       ||    35
       Ring mail         |     2 |    45 |   137 |   222 |    67 ||   473
Dodge: Dodged            |    71 |    72 |   185 |   384 |   225 ||   937
       Repelled          |       |       |     1 |     3 |     4 ||     8

Table legend: (Time is in decaauts)
 A = Elapsed time spent in this place.
 B = Non-inter-level travel time spent in this place.
 C = Inter-level travel time spent in this place.
 D = Time resting spent in this place.
 E = Time spent auto-exploring this place.
 F = Levels seen in this place.
 G = Mean time per level.
                   A        B        C        D        E       F      G
               +--------+--------+--------+--------+--------+-----+--------+
         Total |  13153 |  12798 |    355 |    866 |   5856 |  19 |  692.3 |
       Dungeon |  10463 |  10110 |    353 |    631 |   5230 |  13 |  804.8 |
        Temple |    235 |    235 |      0 |      0 |    176 |   1 |  235.0 |
          Lair |      1 |      1 |      0 |      0 |      0 |   1 |    1.0 |
  Orcish Mines |   1632 |   1632 |      0 |    235 |    288 |   2 |  816.0 |
        Bailey |    429 |    429 |      0 |      0 |     54 |   1 |  429.0 |
       Volcano |    391 |    391 |      0 |      0 |    108 |   1 |  391.0 |
               +--------+--------+--------+--------+--------+-----+--------+

Top non-repeatable levels by time:
     D:2: 1219 daAuts
    D:11: 1195 daAuts
     D:4: 1031 daAuts
    D:10: 1025 daAuts
     D:3: 968 daAuts
     D:8: 927 daAuts
   Orc:2: 859 daAuts
     D:1: 852 daAuts
     D:6: 846 daAuts
   Orc:1: 772 daAuts
    D:12: 663 daAuts
     D:7: 652 daAuts
     D:5: 581 daAuts
  Bailey: 429 daAuts
     D:9: 407 daAuts
